 Dungeon Crawl Stone Soup version 0.28.0-45-g0d030f2227 (webtiles) character file.

Game seed: 2427980428585596365

2479 sking99 the Vexing (level 9, 0/66 HPs)
             Began as a Demonspawn Wanderer on May 19, 2022.
             Was a Follower of Sif Muna.
             Slain by a shadow (15 damage)
             ... on level 8 of the Dungeon.
             The game lasted 00:20:27 (9316 turns).

sking99 the Vexing (Demonspawn Wanderer)            Turns: 9316, Time: 00:20:27

Health: 0/66       AC: 11    Str: 13    XL:     9   Next: 27%
Magic:  12/12      EV: 10    Int: 15    God:    Sif Muna [*.....]
Gold:   928        SH:  5    Dex: 15    Spells: 6/12 levels left

rFire   . . .      SeeInvis .   n - +2 dagger (venom)
rCold   . . .      Faith    .   d - +0 buckler {AC+3}
rNeg    + . .      Spirit   .   y - +1 robe {rN+}
rPois   .          Reflect  .   k - +1 hat
rElec   .          Harm     .   c - +0 cloak
rCorr   .          Rampage  .   v - +1 pair of gloves
Will    .....                   (no boots)
Stlth   +++.......              (no amulet)
HPRegen 0.21/turn               (no ring)
MPRegen 0.13/turn               (no ring)

@: no status effects
A: claws 2, rugged brown scales 1, demonic magic 1
a: Renounce Religion, Channel Magic


You were on level 8 of the Dungeon.
You worshipped Sif Muna.
Sif Muna was aware of your devotion.
You visited 2 branches of the dungeon, and saw 9 of its levels.

You collected 1148 gold pieces.
You spent 220 gold pieces at shops.

Inventory:

Hand Weapons
 e - the +3 rapier "Qurap" {speed, Dex+2}
   (You found it on level 6 of the Dungeon)

   Attacks with this weapon are significantly faster.
   Dex:       It affects your dexterity (+2).
 n - a +2 dagger of venom (weapon)
Armour
 c - a +0 cloak (worn)
 d - a +0 buckler of protection (worn)
 k - a +1 hat (worn)
 v - a +1 pair of gloves (worn)
 y - a +1 robe of positive energy (worn)
Jewellery
 t - a ring of flight
Wands
 l - a wand of iceblast (13)
Scrolls
 f - a scroll of teleportation
 g - a scroll of fear
 h - a scroll of amnesia
 i - a scroll of enchant weapon {unknown}
 m - 2 scrolls of brand weapon
Potions
 a - a potion of magic {unknown}
 j - 4 potions of curing
 o - 2 potions of heal wounds {unknown}
 r - 4 potions of degeneration
 u - 4 potions of attraction {unknown}
 x - a potion of flight {unknown}
 z - a potion of cancellation {unknown}
 A - a potion of haste {unknown}
Miscellaneous
 b - a piece from Xom's chessboard (15/15)


   Skills:
 + Level 3.9 Fighting
 + Level 4.6 Short Blades
 + Level 5.2 Stealth
 - Level 5.0 Shields
 - Level 2.0 Spellcasting
 - Level 3.6 Conjurations
 * Level 5.4 Hexes
 + Level 3.8 Fire Magic
 - Level 3.0 Ice Magic
 - Level 2.0 Evocations


You had 6 spell levels left.
You knew the following spells:

 Your Spells              Type           Power      Damage    Failure   Level
a - Foxfire               Conj/Fire      48%        2x1d6     6%          1
b - Ensorcelled Hibernat  Hex/Ice        28%        N/A       8%          2
c - Inner Flame           Hex/Fire       15%        N/A       13%         3

Your spell library contained the following spells:

 Spells                   Type           Power      Damage    Failure   Level
 Tukima's Dance           Hex            17%        N/A       9%          3
 Spider Form              Tmut/Pois      1%         N/A       63%         3
 Anguish                  Hex/Necr       4%         N/A       67%         4
 Passage of Golubria      Tloc           1%         N/A       95%         4
 Yara's Violent Unravell  Hex/Tmut       4%         3d4       95%         5


Dungeon Overview and Level Annotations

Branches:
Dungeon (8/15)             Temple (1/1) D:4
   Lair: D:8-11

Altars:
Ashenzari
Cheibriados
Dithmenos
Elyvilon
Fedhas
Gozag
Hepliaklqana
Kikubaaqudgha
Makhleb
Nemelex Xobeh
Okawaru
Qazlal
Ru
Sif Muna
Trog
Uskayaw
Vehumet
Wu Jian
Xom
Yredelemnul
Zin
The Shining One

Shops:
D:7 ?

Annotations:
D:3 3 runed translucent doors, Lans's ghost, amateur TrMo
D:8 Erica


Innate Abilities, Weirdness & Mutations

You have very sharp fingernails.
You are partially covered in rugged brown scales. (AC +1, +3% HP)
Spells you cast may paralyse adjacent enemies.


Message History

The shadow hits you!
You closely miss the shadow.
The shadow is severely damaged.
The shadow slips into darkness.
The shadow flickers and vanishes!
Deactivating autopickup; reactivate with Ctrl-A.
You barely miss something.
The shadow strikes at you from the darkness!
Reactivating autopickup.
You hit the shadow but do no damage.
The shadow is severely damaged.
You hit the shadow but do no damage.
The shadow is severely damaged.
You block the shadow's attack.
You barely miss the shadow.
The shadow is severely damaged.
You block the shadow's attack.
You hit the shadow.
The shadow is severely damaged.
The shadow hits you!
* * * LOW HITPOINT WARNING * * *
You hit the shadow but do no damage.
The shadow is severely damaged.
The shadow barely misses you.
You hit the shadow.
The shadow is almost destroyed.
You hit the shadow but do no damage.
The shadow is almost destroyed.
The shadow hits you.
You hit the shadow but do no damage.
The shadow is almost destroyed.
The shadow closely misses you.
You hit the shadow but do no damage.
The shadow is almost destroyed.
The shadow slips into darkness.
The shadow flickers and vanishes!
Deactivating autopickup; reactivate with Ctrl-A.
You hit something but do no damage.
The shadow strikes at you from the darkness!
You die...

.[.....# ### .......#
..####
.......########.... #
.......'......#..# .#
.......######.#..##.####
.......# #.............
.......# #.#........#
####'######.###......#
.o..............@..>##
.....######.....#{#.....
...#### ##.####F# ####
......# #. .. ...##.## #
... .......# ....
##.....# ..... #..(..##
....# ######
##......###....#


You could see a bullfrog.

Vanquished Creatures
  A deep elf pyromancer (D:7)
  Menkaure (D:5)
  A water moccasin (D:7)
  2 sky beasts
  A necrophage (D:5)
  3 ogres
  A phantom (D:4)
  2 bullfrogs
  Blork the orc (D:6)
  A scorpion (D:3)
  A water moccasin skeleton (D:4)
  A centaur zombie (D:5)
  2 bullfrog zombies (D:6)
  A jelly (D:5)
  3 orc priests
  Crazy Yiuf (D:5)
  5 hounds
  6 iguanas
  7 orc wizards
  A killer bee zombie (D:7)
  Robin (D:2)
  9 adders
  A shadow imp (D:4)
  A white imp (D:7)
  2 dart slugs
  13 orcs
  An endoplasm (D:2)
  A giant cockroach (D:1)
  17 goblins
  8 hobgoblins
  7 jackals (D:1)
  3 quokkas
  7 ball pythons
  9 bats
  3 frilled lizards
  6 kobolds
  7 rats
138 creatures vanquished.

Vanquished Creatures (others)
  160 foxfires
160 creatures vanquished.

Grand Total: 298 creatures vanquished

Notes
Turn   | Place    | Note
-------+----------+-------------------------------------------
     0 | D:1      | sking99 the Demonspawn Wanderer began the quest for the
                  | Orb.
     0 | D:1      | sking99 set off with the following items: a +0 dagger, a
                  | piece from Xom's chessboard (15/15), a +0 robe, a +0
                  | buckler of protection; and the following spell memorised:
                  | Foxfire; and the following spells available to memorise:
                  | Inner Flame
     0 | D:1      | Reached XP level 1. HP: 15/15 MP: 3/3
   368 | D:1      | Gained mutation: Spells you cast may paralyse adjacent
                  | enemies. [demonic ancestry]
   368 | D:1      | Reached XP level 2. HP: 21/21 MP: 3/5
   612 | D:1      | Reached skill level 1 in Conjurations
   789 | D:1      | Reached skill level 1 in Fire Magic
  1182 | D:1      | Reached XP level 3. HP: 26/26 MP: 0/6
  1519 | D:2      | Noticed Robin
  1646 | D:2      | Killed Robin
  2111 | D:2      | Reached XP level 4. HP: 32/32 MP: 7/7
  2344 | D:2      | Found a faded altar of an unknown god.
  2568 | D:3      | Noticed a scorpion
  2578 | D:3      | Killed a scorpion
  2579 | D:3      | Reached skill level 1 in Short Blades
  2579 | D:3      | Reached skill level 1 in Stealth
  2579 | D:3      | Reached skill level 5 in Shields
  2799 | D:3      | Gained mutation: You are partially covered in rugged brown
                  | scales. (AC +1, +3% HP) [demonic ancestry]
  2799 | D:3      | Reached XP level 5. HP: 24/38 MP: 6/8
  3012 | D:3      | Found a runed translucent gate.
  3014 | D:3      | Found a runed translucent gate.
  3015 | D:3      | Found a runed translucent gate.
  3040 | D:3      | Noticed Lans's ghost (amateur TrMo)
  3730 | D:3      | Gained mutation: You have sharp fingernails. [demonic
                  | ancestry]
  3730 | D:3      | Reached XP level 6. HP: 43/44 MP: 5/9
  3878 | D:3      | Found an opulent altar of Gozag.
  4804 | D:4      | Gained mutation: You have very sharp fingernails. [demonic
                  | ancestry]
  4804 | D:4      | Reached XP level 7. HP: 49/49 MP: 8/10
  4807 | D:4      | Learned a level 2 spell: Ensorcelled Hibernation
  4894 | D:4      | Found a staircase to the Ecumenical Temple.
  4912 | Temple   | Entered the Ecumenical Temple
  5336 | Temple   | Became a worshipper of Sif Muna the Loreminder
  5525 | D:5      | Entered Level 5 of the Dungeon
  5535 | D:5      | Reached skill level 1 in Hexes
  5621 | D:5      | Reached skill level 1 in Ice Magic
  6236 | D:5      | Reached XP level 8. HP: 58/58 MP: 11/11
  6250 | D:5      | Noticed Menkaure
  6256 | D:5      | Killed Menkaure
  6447 | D:5      | Found a runed translucent door.
  6448 | D:5      | Noticed Crazy Yiuf
  6458 | D:5      | Killed Crazy Yiuf
  7033 | D:6      | Identified the +3 rapier "Qurap" {speed, Dex+2}
  7038 | D:6      | Identified a scroll of acquirement
  7038 | D:6      | Acquired 724 gold pieces
  7273 | D:6      | Learned a level 3 spell: Inner Flame
  7309 | D:6      | Reached * piety under Sif Muna
  7553 | D:6      | Noticed Blork the orc
  7568 | D:6      | Killed Blork the orc
  7839 | D:7      | Found Epaeq's Magic Scroll Boutique.
  7846 | D:7      | Bought a scroll of brand weapon for 220 gold pieces
  7860 | D:7      | Noticed a deep elf pyromancer
  8219 | D:7      | Killed a deep elf pyromancer
  8220 | D:7      | Reached skill level 5 in Stealth
  8220 | D:7      | Reached skill level 5 in Hexes
  8220 | D:7      | Reached XP level 9. HP: 30/66 MP: 5/12
  8922 | D:8      | Noticed Erica
  9316 | D:8      | Slain by a shadow

Illustrated notes

Levels and vault maps discovered:
D:1:      dpeg_arrival_round_a, layout_loops_ring,
          chequers_serial_rivers_small_a
D:2:      layout_loops_cross, basic_altar,
          dreamdust_ecumenical_altar_hidden_monk_grotto,
          kennysheep_cluttered_room, grunt_ministairs_6, uniq_robin
D:3:      minmay_inner_zag, layout_basic, general_overflow_altar,
          gammafunk_ghost_icy, minmay_quadrilaterals
D:4:      layout_rooms, minmay_temple_entry_proselytizer
D:5:      layout_loops_cross, hex_medium, hangedman_decor_growths,
          uniq_crazy_yiuf_cottage, uniq_menkaure
D:6:      layout_rooms, uniq_blork_the_orc
D:7:      layout_basic, serial_shops, nicolae_shop_window_shopping
D:8:      layout_basic, uniq_erica
Temple:   mainiacjoe_temple_trianglar_array

Skill      XL: |  1  2  3  4  5  6  7  8 |
---------------+-------------------------+-----
Conjurations   | 1 2 3 |  3.6
Fire Magic     | 1 2 3 |  3.8
Short Blades   | 1 2 3 4 |  4.6
Stealth        | 1 2 3 5 |  5.2
Shields        | 5 |  5.0
Hexes          | 2 5 |  5.4
Ice Magic      | 1 3 |  3.0
Fighting       | 2 3 |  3.9
Spellcasting   | |  2.0
Evocations     | |  2.0

Action                   |  1- 3 |  4- 6 |  7- 9 || total
-------------------------+-------+-------+-------++-------
Melee: Dagger            |   185 |   142 |   151 ||   478
 Cast: Foxfire           |    26 |    31 |    38 ||    95
       Ensorcelled Hiber |       |       |    19 ||    19
Evoke: Piece from Xom's  |     3 |       |       ||     3
  Use: Scroll            |       |       |    12 ||    12
 Stab: Sleeping          |     2 |       |    14 ||    16
       Paralysed         |     4 |    19 |    26 ||    49
       Invisible         |       |       |     1 ||     1
Armor: Robe              |   105 |    50 |    53 ||   208
Dodge: Dodged            |   134 |    65 |    42 ||   241
Block: Buckler           |    50 |    49 |    18 ||   117
